 Dungeon Crawl Stone Soup version 0.21.1-1-g345015f (webtiles) character file.

77 diana the Shield-Bearer (level 4, -1/37 HPs)
             Began as a Formicid Fighter on June 8, 2018.
             Was an Initiate of Makhleb.
             Slain by Natasha (4 damage)
             ... on level 3 of the Dungeon.
             The game lasted 00:02:28 (1437 turns).

diana the Shield-Bearer (Formicid Fighter)          Turns: 1437, Time: 00:02:29

Health: -1/37      AC:  7    Str: 21    XL:     4   Next: 58%
Magic:  4/4        EV:  8    Int:  8    God:    Makhleb [......]
Gold:   82         SH:  9    Dex: 10    Spells: 3/3 levels left

rFire    . . .     SeeInvis +   a - +0 long sword
rCold    . . .     Gourm    .   c - +0 shield
rNeg     . . .     Faith    .   b - +0 scale mail
rPois    .         Spirit   .   (helmet unavailable)
rElec    .         Reflect  .   (no cloak)
rCorr    .         Harm     .   (no gloves)
MR       .....                  (no boots)
Stlth    ..........             (no amulet)
HPRegen  0.12/turn              (no ring)
MPRegen  0.09/turn              (no ring)

@: no status effects
A: permanent stasis, dig shafts and tunnels, four strong arms, antennae 3
a: Dig, Shaft Self, Renounce Religion


You were on level 3 of the Dungeon.
You worshipped Makhleb.
Makhleb was noncommittal.
You were very hungry.

You visited 1 branch of the dungeon, and saw 3 of its levels.

You collected 82 gold pieces.

Inventory:

Hand Weapons
 a - a +0 long sword (weapon)
Armour
 b - a +0 scale mail (worn)
 c - a +0 shield (worn)
Jewellery
 h - a cursed -4 ring of slaying {unknown}
 j - an uncursed ring of fire {unknown}
Scrolls
 g - 7 scrolls of identify {unknown}
 i - a scroll of enchant armour {unknown}
Potions
 d - a potion of might
 e - a potion of magic {unknown}
 k - a potion of agility {unknown}
 l - a potion of flight {unknown}
Comestibles
 f - 5 rations


   Skills:
 + Level 3.9 Fighting
 + Level 2.7 Long Blades
 + Level 3.9 Armour
 + Level 0.6 Dodging
 + Level 4.3 Shields
 + Level 0.0 Invocations


You had 3 spell levels left.
You didn't know any spells.

Dungeon Overview and Level Annotations

Branches:
Dungeon (3/15)

Altars:
Makhleb
Nemelex Xobeh

Annotations:
D:3 Natasha


Innate Abilities, Weirdness & Mutations

You cannot be hasted, slowed, berserked, paralysed or teleported.
You can dig through walls and to a lower floor.
Your four strong arms can wield two-handed weapons with a shield.
You have a pair of large antennae on your head. (SInv)


Message History

The iron imp is lightly wounded.
You block the bullfrog's attack. You block Natasha's attack.
The iron imp hits you.
* * * LOW HITPOINT WARNING * * *
The kobold unwields an uncursed blowgun.
The kobold wields an uncursed whip.
The kobold hits you but does no damage. The bullfrog barely misses you.
You riposte.
You hit the bullfrog.
The bullfrog is lightly wounded.
Natasha wildly gestures.
Natasha glows brightly for a moment.
Natasha claws you.
* * * LOW HITPOINT WARNING * * *
You block the iron imp's attack. Natasha claws you.
* * * LOW HITPOINT WARNING * * *
The iron imp hits you but does no damage.
Natasha barely misses you.
You riposte.
You barely miss Natasha.
Natasha is heavily wounded.
The bullfrog hits you but does no damage.
Natasha claws you.
You die...

... .... #.# ... #..####.#
#...#..# # .......## #.. .
##.5l.# ###.###
..#######...KF## ##.....##
.[...#.....#g5.# ##[......##
.........(..#h@###.........#
....>......!w#.............#
...........5.#..#..........#
.............##.........(..#
...........................#
..............####......<..#
.......$.....## #.........#
.....#.....<## #......†..#
##.#####....# #.....^...#


You could see a bullfrog, a worm, an iron imp, Natasha, a crimson imp, a shadow
imp, a goblin, a kobold and a frilled lizard.

Vanquished Creatures
  An adder (D:3)
  An ooze (D:2)
  2 worms (D:2)
  4 dart slugs
  4 leopard geckos
  A ball python (D:1)
  2 giant cockroaches (D:2)
  5 goblins
  5 hobgoblins
  2 jackals (D:2)
  A quokka (D:2)
  7 bats
  A frilled lizard (D:2)
  4 kobolds
  5 rats
45 creatures vanquished.

Notes
Turn   | Place    | Note
-------+----------+-------------------------------------------
     0 | D:1      | diana the Formicid Fighter began the quest for the Orb.
     0 | D:1      | Reached XP level 1. HP: 18/18 MP: 1/1
    76 | D:1      | Reached XP level 2. HP: 19/24 MP: 2/2
   525 | D:2      | Reached skill level 4 in Shields
   525 | D:2      | Reached XP level 3. HP: 19/29 MP: 3/3
   940 | D:2      | Reached XP level 4. HP: 32/37 MP: 4/4
  1311 | D:2      | Found a sparkling altar of Nemelex Xobeh.
  1345 | D:2      | Found a burning altar of Makhleb.
  1350 | D:2      | Became a worshipper of Makhleb the Destroyer
  1421 | D:3      | Noticed Natasha
  1421 | D:3      | Noticed a bullfrog
  1437 | D:3      | Slain by Natasha

Skill      XL: |  1  2 |
---------------+-------+-----
Shields        | 4 |  4.3
Fighting       | |  3.9
Long Blades    | |  2.7
Armour         | |  3.9
Dodging        | |  0.6

Action                   |  1- 3 |  4- 6 || total
-------------------------+-------+-------++-------
Melee: Long sword        |    92 |    63 ||   155
  Eat: Chunk             |       |     1 ||     1
Armor: Scale mail        |    45 |    28 ||    73
Dodge: Dodged            |    31 |    26 ||    57
Block: Shield            |    73 |    53 ||   126
       Rpst.: Long sword |    13 |     6 ||    19
